 Dungeon Crawl Stone Soup version 0.23.0-42-geed6394 (webtiles) character file.

Game seed: 12728059762101238867

1234 Fang the Skirmisher (level 8, -1/52 HPs)
             Began as a Gargoyle Berserker on Feb 28, 2019.
             Was a Priest of Trog.
             Slain by an orc
             ... wielding a +0 trident
              (3 damage)
             ... on level 6 of the Dungeon.
             The game lasted 00:05:16 (4571 turns).

Fang the Skirmisher (Gargoyle Berserker)            Turns: 4571, Time: 00:05:16

Health: -1/52      AC: 15    Str: 24    XL:     8   Next: 48%
Magic:  8/8        EV: 10    Int:  7    God:    Trog [***...]
Gold:   276        SH:  0    Dex:  9    Spells: 7/7 levels left

rFire    . . .     SeeInvis .   a - +0 hand axe
rCold    . . .     Gourm    .   (no shield)
rNeg     + . .     Faith    .   h - +0 chain mail (curse)
rPois    ∞         Spirit   .   (no helmet)
rElec    +         Reflect  .   d - scarf {cloud immunity}
rCorr    .         Harm     .   (no gloves)
MR       .....                  (no boots)
Stlth    ..........             s - amulet of magic regeneration (curse)
HPRegen  0.17/turn              (no ring)
MPRegen  0.36/turn              (no ring)

@: berserk cooldown, starving, slowed, very slow
A: negative energy resistance 1, electricity resistance, unbreathing,
petrification resistance, rot immunity, AC +5
a: Berserk, Trog's Hand, Renounce Religion


You were on level 6 of the Dungeon.
You worshipped Trog.
Trog was most pleased with you.
You were starving.

You visited 1 branch of the dungeon, and saw 6 of its levels.

You collected 276 gold pieces.

Inventory:

Hand Weapons
 a - a +0 hand axe (weapon)
Armour
 d - a scarf of cloud immunity (worn)
 h - a cursed +0 chain mail (worn)
 j - a +0 plate armour
Jewellery
 s - a cursed amulet of magic regeneration (around neck)
Scrolls
 b - 4 scrolls of remove curse {unknown}
 f - 3 scrolls of teleportation {unknown}
 i - 4 scrolls of identify {unknown}
 l - 2 scrolls of random uselessness {unknown}
 o - 3 scrolls of enchant weapon {unknown}
 q - a scroll of amnesia {unknown}
 r - a scroll of immolation {unknown}
 t - a scroll of blinking {unknown}
 w - a scroll of enchant armour {unknown}
Potions
 e - 2 potions of agility {unknown}
 g - 3 potions of haste {unknown}
 k - 2 potions of degeneration {unknown}
 m - a potion of cancellation {unknown}
 n - a potion of curing {unknown}
 p - a potion of heal wounds {unknown}
 u - a potion of magic {unknown}
 v - 4 potions of berserk rage {unknown}
 x - a potion of invisibility {unknown}
Comestibles
 c - 11 rations


   Skills:
 + Level 6.3 Fighting
 + Level 5.2 Axes
 + Level 5.8 Armour
 + Level 4.3 Dodging


You had 7 spell levels left.
You didn't know any spells.
Your spell library was empty.

Dungeon Overview and Level Annotations

Branches:
Dungeon (6/15)
 Temple: D:4-7

Altars:
Cheibriados
Elyvilon
Nemelex Xobeh
Yredelemnul


Innate Abilities, Weirdness & Mutations

You are resistant to torment.
Your stone body is resilient. (AC +5)
You are immune to poison.
You resist negative energy. (rN+)
You are resistant to electric shocks. (rElec)
You can survive without breathing.
You are immune to petrification.
You are immune to rotting.


Message History

The orc is moderately wounded.
The orc closely misses you.
You completely miss the orc.
The orc is moderately wounded.
You are no longer berserk.
You are exhausted.
You feel yourself slow down.
The orc hits you from afar with a +0 trident.
* * * LOW HITPOINT WARNING * * *
You hit the orc but do no damage.
The orc is moderately wounded.
The orc closely misses you.
The orc hits you from afar with a +0 trident.
* * * LOW HITPOINT WARNING * * *
The orc hits you but does no damage.
You hit the orc but do no damage.
The orc is moderately wounded.
The orc hits you but does no damage. The orc barely misses you.
The orc hits you from afar with a +0 trident.
You die...

.....## ..# ...#...
...#### .....
#....#. #...#
#..... #...#
##...[.###...#
#.......##...##
........##....###
.......@........##
##.....o.).......#
##....o###...##...#
#....##
##...####..# ##...
###..## ## #....
##..### ......
##...# ...... #..##
...# ##.##


You could see 2 orcs.

Vanquished Creatures
  The ghost of sokol815 the Slasher, a novice OpFi (D:4)
  3 phantoms
  An ogre (D:4)
  A centaur (D:6)
  A howler monkey (D:6)
  2 crimson imps
  2 hounds (D:5)
  An orc priest (D:6)
  A centaur skeleton (D:4)
  A bullfrog skeleton (D:4)
  2 iguanas
  An orc wizard (D:6)
  A worker ant (D:5)
  A howler monkey zombie (D:5)
  9 adders
  An ooze (D:3)
  4 worms
  A dart slug (D:3)
  3 leopard geckos
  7 orcs
  5 giant cockroaches
  4 goblins
  10 hobgoblins
  10 jackals
  3 kobolds
  4 quokkas
  8 bats
  3 frilled lizards
  A jackal skeleton (D:4)
  3 rats (D:2)
95 creatures vanquished.

Notes
Turn   | Place    | Note
-------+----------+-------------------------------------------
     0 | D:1      | Fang the Gargoyle Berserker began the quest for the Orb.
     0 | D:1      | Reached XP level 1. HP: 14/14 MP: 1/1
   229 | D:1      | Reached XP level 2. HP: 19/19 MP: 2/2
   560 | D:1      | You fall through a shaft!
   609 | D:2      | Reached XP level 3. HP: 24/24 MP: 3/3
   701 | D:2      | Found a basalt altar of Yredelemnul.
  1022 | D:2      | Found a faded altar of an unknown god.
  1099 | D:2      | Reached XP level 4. HP: 28/29 MP: 4/4
  1525 | D:3      | Reached skill level 4 in Fighting
  1580 | D:3      | Found a snail-covered altar of Cheibriados.
  1619 | D:3      | You fall through a shaft!
  1625 | D:4      | Reached ** piety under Trog
  1679 | D:4      | Noticed an ogre
  1687 | D:4      | Killed an ogre
  1687 | D:4      | Reached XP level 5. HP: 17/34 MP: 5/5
  1925 | D:4      | Found a runed translucent gate.
  1925 | D:4      | Found a runed translucent gate.
  1925 | D:4      | Found a runed translucent gate.
  1926 | D:4      | Noticed sokol815's ghost (novice OpFi)
  1941 | D:4      | Noticed a phantom
  2048 | D:4      | Killed a phantom
  2048 | D:4      | Reached XP level 6. HP: 26/39 MP: 6/6
  2467 | D:4      | Killed sokol815's ghost
  2467 | D:4      | Reached skill level 5 in Fighting
  2467 | D:4      | Reached XP level 7. HP: 44/44 MP: 7/7
  2738 | D:3      | Found a white marble altar of Elyvilon.
  2943 | D:3      | Found a sparkling altar of Nemelex Xobeh.
  3197 | D:5      | Entered Level 5 of the Dungeon
  3365 | D:5      | Reached skill level 5 in Armour
  3521 | D:5      | Reached XP level 8. HP: 40/51 MP: 8/8
  4055 | D:5      | Reached *** piety under Trog
  4344 | D:6      | Reached skill level 6 in Fighting
  4344 | D:6      | Reached skill level 5 in Axes
  4570 | D:6      | HP: 2/52 [orc/+0 trident (2)]
  4571 | D:6      | Slain by an orc

Skill      XL: |  1  2  3  4  5  6  7  8 |
---------------+-------------------------+-----
Axes           | 3 4 5 |  5.2
Dodging        | 2 3 4 |  4.3
Armour         | 3 4 5 |  5.8
Fighting       | 4 5 6 |  6.3

Action                   |  1- 3 |  4- 6 |  7- 9 || total
-------------------------+-------+-------+-------++-------
Melee: Hand axe          |   106 |   104 |   281 ||   491
Invok: Berserk           |       |     2 |     1 ||     3
       Trog's Hand       |       |     1 |       ||     1
  Eat: Chunk             |     1 |     4 |     5 ||    10
       Ration            |       |     1 |       ||     1
Armor: Animal skin       |    18 |       |       ||    18
       Chain mail        |    43 |    78 |   215 ||   336
Dodge: Dodged            |    75 |    48 |   180 ||   303
